 Dungeon Crawl Stone Soup version 0.32-a0-705-g60f233581c (webtiles) character file.

Game seed: 11799186235169057546

37 Ruich the Changeling (level 3, 0/18 HPs)
             Began as a Demigod Shapeshifter on Mar 14, 2024.
             Slain by an adder (2 damage)
             ... on level 2 of the Dungeon.
             The game lasted 00:03:02 (1271 turns).

Ruich the Changeling (Demigod Shapeshifter)         Turns: 1271, Time: 00:03:03

Health: 0/18       AC:  1    Str: 19    XL:     3   Next: 7%
Magic:  5/5        EV: 15    Int: 12    God:
Gold:   75         SH:  0    Dex: 13    Spells: 2/2 levels left

rFire   . .          .
                       - Unarmed
rCold   . . .        (shield currently unavailable)
rNeg    . . .        a - melded +0 animal skin
rPois   .            j - +0 helmet
rElec   .            (no cloak)
rCorr   .            (no gloves)
SInv    .            (no boots)
Will    .....        (no amulet)
Stlth   +            (no ring)
HPRegen 0.23/turn    (no ring)
MPRegen 0.09/turn

%: no passive effects
@: flux-form, glowing
A: glow, contaminating, reduced hp, high MP 1, forlorn, divine attributes
a: Begin Untransformation


You were on level 2 of the Dungeon.
You were something dangerously unstable.
You visited 1 branch of the dungeon, and saw 2 of its levels.

You collected 75 gold pieces.


Innate Abilities, Weirdness & Mutations

You are something dangerously unstable.
You glow with magical radiation, making you easy to see and hit.
Foes you strike become dangerously contaminated with magical radiation.
Your maximum health is decreased, since you lack skill for your form.
You are incapable of wielding weapons or throwing items.
You have an increased reservoir of magic. (+10% MP)
You shall have no god before yourself.
Your divine heritage dramatically boosts your attributes as you level up.


   Skills:
 - Level 0.8 Fighting
 - Level 1.7 Dodging
 - Level 2.6 Unarmed Combat
 + Level 3.8 Shapeshifting


You had 2 spell levels left.
You didn't know any spells.
Your spell library was empty.

Inventory:

Missiles
 f - 6 poisoned darts (quivered)
Armour
 a - a +0 animal skin (melded)
 j - a +0 helmet (worn)
Magical Staves
 h - a staff of fire {!a}
Jewellery
 k - a ring of fire
Talismans
 c - a beast talisman
 d - a flux talisman (active)
 e - a talisman of death
Scrolls
 g - a scroll of acquirement {unknown}
 i - a scroll of noise {unknown}
 m - a scroll of teleportation {unknown}
 n - a scroll of enchant armour {unknown}
 o - 3 scrolls of fear {unknown}
Potions
 b - 2 potions of lignification
 l - a potion of haste {unknown}
 p - 2 potions of ambrosia {unknown}

Dungeon Overview and Level Annotations

Branches:
Dungeon (2/15) Zot: 10732

#...#.#.# ....
#...#.#.## #....
####...#.##.## ##....#
..#..........###....#
............#....# #
..##..#.#.###..#.##.####
.###..#...# #..........#
.†...†#..####.##S##.##.
.####.#.........p#
#.###.#...............>.
.#.##..##.###.########.#
......###.# #.# .######
#.# #. ## #.# # #.# #
#.# # #.#


You could see an adder (contam, misshapen).


Message History

You start resting.
An adder is nearby!
The adder hisses angrily.
Found an escape hatch in the floor.
You hit the adder but do no damage.
The adder begins to glow.
The adder bites you.
You closely miss the adder. The adder bites you.
* * * LOW HITPOINT WARNING * * *
The adder closely misses you.
You barely miss the adder. The adder bites you.
* * * LOW HITPOINT WARNING * * *
You hit the adder but do no damage.
The adder glows dangerously bright.
The adder bites you.
* * * LOW HITPOINT WARNING * * *
You closely miss the adder. The adder completely misses you.
The adder bites you.
* * * LOW HITPOINT WARNING * * *
You hit the adder.
The adder shudders as magic cascades through it.
The adder twists and deforms.
The adder is heavily wounded.
The adder misses you.
You hit the adder.
The adder begins to glow.
The adder is almost dead.
The adder bites you.
* * * LOW HITPOINT WARNING * * *
You closely miss the adder.
The adder is almost dead.
The adder bites you.
You die...

Skill      XL: |  1 |
---------------+----+-----
Shapeshifting  | 3 |  3.8
Fighting       | |  0.8
Dodging        | |  1.7
Unarmed Combat | |  2.6

Action                     || total
---------------------------++-------
  Melee: Unarmed           ||   102
  Throw: Dart              ||     2
 Armour: Animal skin       ||    18
         Skin              ||    34
  Dodge: Dodged            ||    75
   Form: Flux              ||     1

Levels and vault maps discovered:
D:1:      matt_arrival_grand_opening, layout_basic, chequers_avenue
D:2:      layout_loops_ring, minmay_close_crescents

Notes
Turn   | Place    | Note
-------+----------+-------------------------------------------
     0 | D:1      | Ruich the Demigod Shapeshifter began the quest for the Orb.
     0 | D:1      | Reached XP level 1. HP: 15/15 MP: 3/3
    80 | D:1      | Reached skill level 3 in Shapeshifting
    80 | D:1      | Reached XP level 2. HP: 13/22 MP: 4/4
  1133 | D:2      | Reached XP level 3. HP: 8/27 MP: 5/5
  1271 | D:2      | Slain by an adder

Vanquished Creatures
  A gnoll (D:1)
  A dart slug (D:2)
  2 endoplasms
  2 giant cockroaches
  2 hobgoblins
  3 quokkas
  A ball python (D:1)
  3 bats
  3 goblins (D:1)
  3 kobolds (D:2)
  4 rats
25 creatures vanquished.

Table legend: (Time is in decaauts)
 A = Elapsed time spent in this place.
 B = Non-inter-level travel time spent in this place.
 C = Inter-level travel time spent in this place.
 D = Time resting spent in this place.
 E = Time spent auto-exploring this place.
 F = Levels seen in this place.
 G = Mean time per level.
                   A        B        C        D        E       F      G
               +--------+--------+--------+--------+--------+-----+--------+
         Total |   1266 |   1254 |     12 |    237 |    749 |   2 |  633.0 |
       Dungeon |   1266 |   1254 |     12 |    237 |    749 |   2 |  633.0 |
               +--------+--------+--------+--------+--------+-----+--------+

Top non-repeatable levels by time:
     D:1: 879 daAuts
     D:2: 387 daAuts

Table legend:
 A = Non-vault XP
 B = Vault XP
 C = Vault XP percentage of total XP
 D = Non-vault monster count
 E = Vault monster count
 F = Vault count percentage of total count
                 A         B        C        D         E       F
            +---------+---------+-------+---------+---------+-------
      Total |      45 |       8 |  15.1 |      21 |       4 |  16.0
            +---------+---------+-------+---------+---------+-------
        D:1 |      33 |       0 |   0.0 |      13 |       0 |   0.0
        D:2 |      12 |       8 |  40.0 |       8 |       4 |  33.3
            +---------+---------+-------+---------+---------+-------
